 Dungeon Crawl Stone Soup version 0.24.0-13-gcf9b319 (webtiles) character file.

Game seed: 1595248357294342210, levelgen mode: deterministic

1460 severenz the Basher (level 8, -3/76 HPs)
             Began as an Ogre Hunter on Dec 25, 2019.
             Slain by a human
             ... wielding a +0 mace
              (9 damage)
             ... on level 6 of the Dungeon.
             The game lasted 00:23:27 (6180 turns).

severenz the Basher (Ogre Hunter)                   Turns: 6180, Time: 00:23:27

Health: -3/76      AC:  4    Str: 18    XL:     8   Next: 76%
Magic:  8/8        EV:  7    Int: 12    God:
Gold:   279        SH:  6    Dex: 10    Spells: 7/7 levels left

rFire    . . .     SeeInvis .   y - +4 whip (elec)
rCold    . . .     Gourm    .   t - +0 shield
rNeg     . . .     Faith    .   b - +1 robe
rPois    +         Spirit   .   (helmet restricted)
rElec    .         Reflect  .   (no cloak)
rCorr    .         Harm     .   (gloves unavailable)
MR       .....                  (boots unavailable)
Stlth    +.........             (no amulet)
HPRegen  0.22/turn              w - ring of poison resistance
MPRegen  0.11/turn              (no ring)

@: berserk cooldown, slowed, very slow
A: large, unfitting armour, tough skin 1
a: no special abilities


You were on level 6 of the Dungeon.
You were hungry.

You visited 1 branch of the dungeon, and saw 6 of its levels.
You also visited: Sewer.

You collected 279 gold pieces.

Inventory:

Hand Weapons
 g - a +2 dagger of protection
 u - a +1 flail of venom
 y - a +4 whip of electrocution (weapon)
Missiles
 c - 5 large rocks
 d - 2 throwing nets
 i - 4 boomerangs (quivered)
 k - 152 stones
 r - 8 poisoned darts
Armour
 b - a +1 robe (worn)
 t - a +0 shield (worn)
Jewellery
 w - a ring of poison resistance (left hand)
Wands
 p - a wand of random effects (23)
Scrolls
 l - a scroll of blinking {unknown}
 q - a scroll of remove curse
Potions
 a - a potion of flight {unknown}
 e - 5 potions of curing
 h - a potion of lignification {unknown}
 j - a potion of mutation {unknown}
 m - 2 potions of resistance
 n - a potion of berserk rage
 o - a potion of cancellation {unknown}
 s - a potion of agility {unknown}
 v - a potion of invisibility {unknown}
 A - a potion of magic {unknown}
Comestibles
 f - 16 rations
 z - 5 chunks of flesh


   Skills:
 - Level 3.6 Fighting
 + Level 9.5 Maces & Flails
 - Level 4.0 Throwing
 - Level 1.7 Dodging
 - Level 0.6 Stealth


You had 7 spell levels left.
You didn't know any spells.
Your spell library contained the following spells:

 Spells                   Type           Power        Failure   Level  Hunger
 Beastly Appendage        Tmut           #.....       93%         1    ##.....
 Sandblast                Erth           #.....       93%         1    ##.....
 Summon Small Mammal      Summ           #...         93%         1    ##.....
 Call Imp                 Summ           #.......     98%         2    ###....
 Passwall                 Tmut/Erth      #.......     98%         2    ###....
 Sticks to Snakes         Tmut           #.......     98%         2    ###....
 Call Canine Familiar     Summ           #.......     100%        3    ####...
 Spider Form              Tmut/Pois      #.........   100%        3    ####...
 Stone Arrow              Conj/Erth      #.....       100%        3    ####...
 Summon Guardian Golem    Hex/Summ       #.......     100%        3    ####...
 Ice Form                 Ice/Tmut       #.......     100%        4    #####..
 Petrify                  Tmut/Erth      #.......     100%        4    #####..
 Summon Ice Beast         Ice/Summ       #.......     100%        4    #####..
 Summon Lightning Spire   Summ/Air       #.......     100%        4    #####..
 Blade Hands              Tmut           #.........   100%        5    ######.
 Lee's Rapid Deconstruct  Erth           #.........   100%        5    ######.


Dungeon Overview and Level Annotations

Branches:
Dungeon (6/15)              Sewer (visited)
 Temple: D:4-7

Altars:
Fedhas
Vehumet

Shops:
D:6 :


Innate Abilities, Weirdness & Mutations

You are too large for most types of armour.
You have tough skin. (AC +1)


Message History

Things that are here:
a +0 hunting sling; a +0 leather armour; a human corpse You butcher the human corpse.
z - 5 chunks of flesh (gained 3)
Things that are here:
a +0 hunting sling; a +0 leather armour; a human skeleton The human shouts!
You hit the human.
The human is lightly wounded.
You block the human's attack.
You hit the human.
The human is moderately wounded.
You hit the human.
The human is heavily wounded.
The human hits you with a +0 mace.
* * * LOW HITPOINT WARNING * * *
You whack the human!
The human is severely wounded.
The human hits you with a +0 mace!
You die...

#.###...#.##)..#
#....
#..........+...#
#....
######.....#..(####
#....
#.....+...((.#
#....
#...p<#...##(#
#....
#.........##.#
#####
#.....###.#### ####
# #...?...#p#..#
##...####
#.....#.#.#@#
#....#...
#######.#.#.p.#
#....#.##
#............##
#.......#
#.####.##.##.#
#.......# #.#
#.##.##.# #...###.#
#.####....##.#
#...#...#
#.##....b..#.#
#..##.###
##.#.###'###..#
#...#.#
#...##≈≈.≈≈##.###
#...#.#


You could see a human.

Vanquished Creatures
  4 humans (D:6)
  Purgy (Sewer)
  A phantom (D:4)
  A centaur (D:5)
  A bullfrog (D:6)
  A water moccasin zombie (D:5)
  2 scorpions
  A crimson imp (D:6)
  A jelly (D:5)
  2 bullfrog skeletons
  2 orc priests (D:5)
  A hound (D:5)
  Jessica (D:2)
  5 adders
  An adder skeleton (D:5)
  5 worms
  A dart slug (D:2)
  4 leopard geckos
  15 orcs
  2 ball pythons
  3 giant cockroaches
  10 goblins
  8 hobgoblins
  5 jackals
  8 kobolds
  A quokka (D:3)
  7 bats
  8 frilled lizards
  10 rats
112 creatures vanquished.

Notes
Turn   | Place    | Note
-------+----------+-------------------------------------------
     0 | D:1      | severenz the Ogre Hunter began the quest for the Orb.
     0 | D:1      | Reached XP level 1. HP: 22/22 MP: 1/1
   150 | D:1      | Reached XP level 2. HP: 30/31 MP: 2/2
   418 | D:1      | Reached skill level 1 in Maces & Flails
   789 | D:1      | Reached XP level 3. HP: 33/37 MP: 3/3
  1051 | D:2      | Reached skill level 2 in Maces & Flails
  1928 | D:2      | Noticed Jessica
  1936 | D:2      | Killed Jessica
  1936 | D:2      | Reached skill level 3 in Maces & Flails
  1936 | D:2      | Reached XP level 4. HP: 44/46 MP: 4/4
  2380 | D:2      | Found a radiant altar of Vehumet.
  2454 | D:2      | Reached XP level 5. HP: 24/53 MP: 5/5
  2686 | D:2      | Reached skill level 4 in Maces & Flails
  3412 | D:3      | Found a blossoming altar of Fedhas.
  4308 | D:4      | Reached XP level 6. HP: 47/61 MP: 6/6
  4309 | D:4      | Found a glowing drain.
  4320 | Sewer    | Entered a sewer
  4444 | Sewer    | Noticed Purgy
  4452 | Sewer    | Killed Purgy
  4452 | Sewer    | Reached skill level 5 in Maces & Flails
  4726 | D:4      | Noticed a phantom
  4788 | D:4      | Killed a phantom
  4836 | D:4      | Reached skill level 6 in Maces & Flails
  4836 | D:4      | Reached XP level 7. HP: 24/67 MP: 7/7
  4998 | D:5      | Entered Level 5 of the Dungeon
  5506 | D:5      | Reached skill level 7 in Maces & Flails
  6009 | D:6      | Found Sumenem's Book Boutique.
  6021 | D:6      | Reached XP level 8. HP: 53/76 MP: 8/8
  6067 | D:6      | Reached skill level 8 in Maces & Flails
  6137 | D:6      | Reached skill level 9 in Maces & Flails
  6180 | D:6      | Slain by a human

Levels and vault maps discovered:
D:1:      nagdon_arrival_double_spiral, layout_basic, kennysheep_doodads
D:2:      layout_loops_ring, overflow_temple_1_default, first_ration,
          uniq_jessica
D:3:      layout_basic, chequers_serial_rivers_micro_d, hex_tiny,
          ebering_dispersal_statue_hall, fedhas_altar_2
D:4:      layout_rooms, portal_sewer_entry_d, hangedman_decor_clover_reticule
D:5:      layout_loops_cross, minmay_crystal_water
D:6:      layout_basic, minmay_temple_entry_statues_pillars, serial_shops,
          kennysheep_mini_moat, nicolae_shop_window_shopping,
          kennysheep_little_box, nicolae_shop_crystal,
          kennysheep_cluttered_room, roderic_serpentine_path,
          hangedman_glass_garden, minmay_ruffians, uniq_grinder

Skill      XL: |  1  2  3  4  5  6  7  8 |
---------------+-------------------------+-----
Fighting       | 3 |  3.6
Maces & Flails | 1 3 4 6 7 9 |  9.5
Throwing       | |  4.0
Dodging        | |  1.7
Stealth        | |  0.6

Action                   |  1- 3 |  4- 6 |  7- 9 || total
-------------------------+-------+-------+-------++-------
Melee: Short sword       |    23 |       |       ||    23
       Club              |   144 |       |       ||   144
       Whip              |    59 |   150 |    99 ||   308
       Dagger            |       |    56 |       ||    56
       Flail             |       |    55 |    16 ||    71
Throw: Stone             |     3 |    77 |     3 ||    83
       Large rock        |     1 |     8 |       ||     9
       Dart              |       |     2 |       ||     2
       Boomerang         |       |       |    10 ||    10
  Use: Scroll            |     4 |     7 |     5 ||    16
       Potion            |       |     1 |     3 ||     4
 Stab: Sleeping          |     2 |     1 |     1 ||     4
  Eat: Chunk             |     2 |    10 |     5 ||    17
Armor: Robe              |    58 |    77 |    11 ||   146
Dodge: Dodged            |   132 |   107 |    22 ||   261
Block: Shield            |       |    31 |    32 ||    63
